 Dungeon Crawl Stone Soup version 0.23.0-3-gf3c87f2 (webtiles) character file.

Game seed: 14167504317600132803

798 wolfsongas the Magician (level 7, -4/51 HPs)
             Began as a Gnoll Wizard on Feb 23, 2019.
             Was an Initiate of Ashenzari.
             Slain by Prince Ribbit (20 damage)
             ... on level 6 of the Dungeon.
             The game lasted 00:18:23 (5768 turns).

wolfsongas the Magician (Gnoll Wizard)              Turns: 5768, Time: 00:18:24

Health: -4/51      AC:  5    Str:  9    XL:     7   Next: 89%
Magic:  3/18       EV: 14    Int: 23    God:    Ashenzari [......]
Gold:   217        SH:  4    Dex: 13    Spells: 10/21 levels left

rFire    . . .     SeeInvis .   i - +0 war axe
rCold    . . .     Gourm    .   l - +0 buckler
rNeg     . . .     Faith    .   a - +0 robe
rPois    .         Spirit   .   e - +2 helmet
rElec    .         Reflect  .   j - scarf {cloud immunity}
rCorr    .         Harm     .   (no gloves)
MR       +....                  (no boots)
Stlth    +++.......             (no amulet)
HPRegen  0.17/turn              g - ring of protection from magic
MPRegen  0.16/turn              (no ring)

@: no status effects
A: distributed training, fangs 1, strong nose
a: Curse Item, Renounce Religion


You were on level 6 of the Dungeon.
You worshipped Ashenzari.
Ashenzari was noncommittal.
You were not hungry.

You visited 2 branches of the dungeon, and saw 7 of its levels.

You collected 217 gold pieces.

Inventory:

Hand Weapons
 i - a +0 war axe (weapon)
Armour
 a - a +0 robe (worn)
 b - a +0 hat
 e - a +2 helmet (worn)
 h - a +0 ring mail of cold resistance
 j - a scarf of cloud immunity (worn)
 l - a +0 buckler (worn)
Jewellery
 g - a ring of protection from magic (left hand)
Wands
 k - a wand of polymorph (7)
 n - a wand of paralysis (1)
Scrolls
 f - 2 scrolls of amnesia
Comestibles
 d - 8 rations


   Skills:
 + Level 2.7 Fighting
 + Level 2.7 Short Blades
 + Level 2.7 Long Blades
 + Level 2.7 Axes
 + Level 2.7 Maces & Flails
 + Level 2.7 Polearms
 + Level 2.7 Staves
 + Level 2.7 Slings
 + Level 2.7 Bows
 + Level 2.7 Crossbows
 + Level 2.7 Throwing
 + Level 2.7 Armour
 + Level 5.3 Dodging
 + Level 5.0 Stealth
 + Level 2.7 Shields
 + Level 2.7 Unarmed Combat
 + Level 7.7 Spellcasting
 + Level 3.1 Conjurations
 + Level 2.2 Hexes
 + Level 2.2 Charms
 + Level 3.1 Summonings
 + Level 2.2 Necromancy
 + Level 3.1 Translocations
 + Level 2.2 Transmutations
 + Level 2.2 Fire Magic
 + Level 2.2 Ice Magic
 + Level 2.2 Air Magic
 + Level 2.2 Earth Magic
 + Level 2.2 Poison Magic
 + Level 3.0 Invocations
 + Level 2.7 Evocations


You had 10 spell levels left.
You knew the following spells:

 Your Spells              Type           Power        Failure   Level  Hunger
a - Magic Dart            Conj           ###.         2%          1    None
b - Blink                 Tloc           N/A          3%          2    None
c - Call Imp              Summ           ###.....     3%          2    None
d - Mephitic Cloud        Conj/Pois/Air  ###.....     9%          3    None
e - Conjure Flame         Conj/Fire      ###.....     9%          3    None

Your spell library contained the following spells:

 Spells                   Type           Power        Failure   Level  Hunger
 Animate Skeleton         Necr           N/A          3%          1    None
 Confusing Touch          Hex            ###...       3%          1    None
 Pain                     Necr           ###.         3%          1    None
 Slow                     Hex            ###.....     4%          2    None
 Gell's Gravitas          Tloc           ###.......   7%          3    None
 Confuse                  Hex            ###.....     10%         3    None
 Regeneration             Chrm/Necr      ###.......   10%         3    None
 Vampiric Draining        Necr           ###.......   10%         3    None
 Animate Dead             Necr           N/A          32%         4    ###....
 Petrify                  Tmut/Erth      ###.....     32%         4    ###....
 Metabolic Englaciation   Hex/Ice        ###.......   67%         5    #####..
 Yara's Violent Unravell  Hex/Tmut       ###.......   67%         5    #####..


Dungeon Overview and Level Annotations

Branches:
Dungeon (6/15)             Temple (1/1) D:5

Altars:
Ashenzari
Dithmenos
Elyvilon
Fedhas
Gozag
Hepliaklqana
Kikubaaqudgha
Makhleb
Nemelex Xobeh
Okawaru
Qazlal
Ru
Sif Muna
Trog
Uskayaw
Vehumet
Wu Jian
Xom
Yredelemnul
The Shining One

Annotations:
D:6 Prince Ribbit


Innate Abilities, Weirdness & Mutations

Your experience applies equally to all skills.
You have very sharp teeth.
Your uncanny sense of smell can sniff out nearby items.


Message History

Aim: Prince Ribbit (lightly wounded) Attack!
Prince Ribbit hits something.
Your white imp gestures at Prince Ribbit.
The puff of frost hits Prince Ribbit.
Prince Ribbit hits your white imp!
Your white imp dies!
Prince Ribbit hits your crimson imp!
Your crimson imp hits Prince Ribbit.
Prince Ribbit hits your crimson imp!
Your crimson imp dies!
Your white imp barely misses Prince Ribbit.
Prince Ribbit catches a mosquito with his tongue.
Prince Ribbit hits your white imp!!
Your white imp dies!
Prince Ribbit blinks!
You barely miss Prince Ribbit.
You bite Prince Ribbit, but do no damage.
Prince Ribbit is moderately wounded.
You block Prince Ribbit's attack. Prince Ribbit hits you!!
You die...

#### ########
#F@# .......#
#.## .......#
###.# .......#
#.ยง.# .......#
#.###
#.##.########.##
#.##...........#
....).).)......#
..####......(..#


You could see Prince Ribbit.

Vanquished Creatures
  2 phantoms
  An ogre (D:5)
  A gnoll sergeant (D:6)
  A scorpion (D:5)
  A hound (D:4)
  A bullfrog skeleton (D:4)
  An orc priest (D:4)
  An iguana (D:5)
  Terence (D:3)
  2 gnolls (D:6)
  A howler monkey skeleton (D:5)
  8 adders
  An ooze (D:2)
  5 worms
  A dart slug (D:2)
  2 leopard geckos
  9 orcs
  6 giant cockroaches
  7 goblins
  6 hobgoblins
  5 jackals
  2 quokkas (D:4)
  5 bats
  A frilled lizard (D:4)
  A jackal skeleton (D:4)
  6 kobolds
  8 rats
86 creatures vanquished.

Vanquished Creatures (collateral kills)
  A centaur (D:5)
  A bullfrog (D:5)
  3 gnolls (D:6)
  An adder skeleton (D:5)
6 creatures vanquished.

Grand Total: 92 creatures vanquished

Notes
Turn   | Place    | Note
-------+----------+-------------------------------------------
     0 | D:1      | wolfsongas the Gnoll Wizard began the quest for the Orb.
     0 | D:1      | Reached XP level 1. HP: 13/13 MP: 8/8
   192 | D:1      | Reached XP level 2. HP: 19/19 MP: 2/10
   448 | D:1      | Learned a level 2 spell: Blink
   451 | D:1      | Learned a level 2 spell: Call Imp
   861 | D:2      | Found a glowing golden altar of the Shining One.
   864 | D:2      | Reached XP level 3. HP: 24/25 MP: 8/11
  1102 | D:2      | Reached skill level 1 in Invocations
  1445 | D:2      | Reached skill level 1 in Fighting
  1445 | D:2      | Reached skill level 1 in Short Blades
  1445 | D:2      | Reached skill level 1 in Long Blades
  1445 | D:2      | Reached skill level 1 in Axes
  1445 | D:2      | Reached skill level 1 in Maces & Flails
  1445 | D:2      | Reached skill level 1 in Polearms
  1445 | D:2      | Reached skill level 1 in Staves
  1445 | D:2      | Reached skill level 1 in Slings
  1445 | D:2      | Reached skill level 1 in Bows
  1445 | D:2      | Reached skill level 1 in Crossbows
  1445 | D:2      | Reached skill level 1 in Throwing
  1445 | D:2      | Reached skill level 1 in Armour
  1445 | D:2      | Reached skill level 1 in Shields
  1445 | D:2      | Reached skill level 1 in Unarmed Combat
  1445 | D:2      | Reached skill level 1 in Evocations
  1689 | D:2      | Learned a level 3 spell: Mephitic Cloud
  1693 | D:2      | Learned a level 3 spell: Conjure Flame
  1737 | D:3      | Reached XP level 4. HP: 32/32 MP: 3/13
  1841 | D:3      | Noticed Terence
  2213 | D:3      | Found an ornate altar of the Wu Jian Council.
  2255 | D:3      | Reached skill level 1 in Hexes
  2255 | D:3      | Reached skill level 1 in Charms
  2255 | D:3      | Reached skill level 1 in Necromancy
  2255 | D:3      | Reached skill level 1 in Transmutations
  2255 | D:3      | Reached skill level 1 in Fire Magic
  2255 | D:3      | Reached skill level 1 in Ice Magic
  2255 | D:3      | Reached skill level 1 in Air Magic
  2255 | D:3      | Reached skill level 1 in Earth Magic
  2255 | D:3      | Reached skill level 1 in Poison Magic
  2727 | D:3      | Killed Terence
  2727 | D:3      | Reached XP level 5. HP: 37/37 MP: 0/14
  3063 | D:4      | Found a shimmering altar of Xom.
  3334 | D:4      | Noticed a phantom
  3376 | D:4      | Killed a phantom
  3376 | D:4      | Reached XP level 6. HP: 18/44 MP: 0/16
  3708 | D:4      | Found an iron altar of Okawaru.
  3824 | D:4      | Reached skill level 5 in Dodging
  4048 | D:5      | Entered Level 5 of the Dungeon
  4048 | D:5      | Found a staircase to the Ecumenical Temple.
  4075 | D:5      | Noticed a phantom
  4136 | Temple   | Entered the Ecumenical Temple
  4284 | D:5      | Killed a phantom
  4284 | D:5      | Reached XP level 7. HP: 48/50 MP: 9/18
  4843 | Temple   | Became a worshipper of Ashenzari the Shackled
  4947 | D:5      | Found an ancient bone altar of Kikubaaqudgha.
  5211 | D:5      | Reached skill level 5 in Stealth
  5694 | D:6      | Noticed Prince Ribbit
  5768 | D:6      | Slain by Prince Ribbit

Skill      XL: |  1  2  3  4  5  6  7 |
---------------+----------------------+-----
Conjurations   | 2 3 |  3.1
Summonings     | 2 3 |  3.1
Translocations | 2 3 |  3.1
Invocations    | 1 2 3 |  3.0
Fighting       | 1 2 |  2.7
Short Blades   | 1 2 |  2.7
Long Blades    | 1 2 |  2.7
Axes           | 1 2 |  2.7
Maces & Flails | 1 2 |  2.7
Polearms       | 1 2 |  2.7
Staves         | 1 2 |  2.7
Slings         | 1 2 |  2.7
Bows           | 1 2 |  2.7
Crossbows      | 1 2 |  2.7
Throwing       | 1 2 |  2.7
Armour         | 1 2 |  2.7
Shields        | 1 2 |  2.7
Unarmed Combat | 1 2 |  2.7
Evocations     | 1 2 |  2.7
Hexes          | 1 2 |  2.2
Charms         | 1 2 |  2.2
Necromancy     | 1 2 |  2.2
Transmutations | 1 2 |  2.2
Fire Magic     | 1 2 |  2.2
Ice Magic      | 1 2 |  2.2
Air Magic      | 1 2 |  2.2
Earth Magic    | 1 2 |  2.2
Poison Magic   | 1 2 |  2.2
Dodging        | 5 |  5.3
Stealth        | 5 |  5.0
Spellcasting   | |  7.7

Action                   |  1- 3 |  4- 6 |  7- 9 || total
-------------------------+-------+-------+-------++-------
Melee: Dagger            |    10 |     4 |       ||    14
       Bite              |     2 |     5 |     1 ||     8
       War axe           |       |    59 |     5 ||    64
 Cast: Magic Dart        |    83 |   145 |    45 ||   273
       Mephitic Cloud    |     1 |     3 |     4 ||     8
       Blink             |       |     7 |       ||     7
       Call Imp          |       |     2 |    13 ||    15
Evoke: Wand              |       |       |     2 ||     2
  Use: Scroll            |     3 |     7 |     2 ||    12
       Potion            |       |     8 |     1 ||     9
 Stab: Confused          |       |       |     1 ||     1
  Eat: Ration            |     1 |     1 |     2 ||     4
       Chunk             |       |     3 |       ||     3
Armor: Robe              |     5 |    11 |     4 ||    20
Dodge: Dodged            |    15 |    91 |    19 ||   125
Block: Buckler           |       |       |     2 ||     2
